[Event "Early-Titled-Tuesday-Blitz-May-28-2024"]
[Site "Chess.com"]
[Date "2024.05.28"]
[Round "7"]
[White "FMStan15"]
[Black "carloseduar100"]
[Result "0-1"]
[WhiteElo "2135"]
[BlackElo "2304"]
[TimeControl "180+1"]
[EndTime "9:18:36 PDT"]
[Termination "carloseduar100 won on time"]

1. e4 e6 2. d4 d5 3. e5 c5 4.
c3 Nc6 5. Nf3 Qb6 6. Be2 Bd7 7.
dxc5 Bxc5 8. O-O a5 9. Nbd2 Nge7 10. Nb3 Ng6 11. Nxc5 Qxc5 12. Nd4 Ngxe5 13. Nb5 O-O 14. Be3 Qe7 15. f4 Ng6 16. Bd3 Rfd8 17. Re1 Qh4 18. g3 Qf6 19. Bb6 Rf8 20. Bc5 Rfc8 21.
Nd6 Rcb8 22. Bb6 Nce7 23. Bc7 e5 24. Bxb8 Rxb8 25. fxe5 Nxe5 26. Bxh7+ Kf8 27. Qh5 Nf3+ 28. Kg2 Nxe1+ 29. Rxe1 Qxd6 30. Bd3 Qh6 31. Qe5 Qd2+ 32. Re2 Qxd3 33. Qxe7+ Kg8 34. Rf2 Qe4+ 35. Qxe4 dxe4 36. Re2 a4 37. Kf2 Re8 38. Ke3 Bc6 39. Rd2 g6 40. h4 Kg7 41. Rd4 a3 42. bxa3 Ra8 43. Rd2 Rxa3 44. Rc2 Kf6 45. Kf4 Ke6 46. g4 Bd5 47. h5 gxh5 48. c4 Rf3+ 49. Kg5 f6+ 50. Kxh5 Bc6 0-1

[Event "Early-Titled-Tuesday-Blitz-May-28-2024"]
[Site "Chess.com"]
[Date "2024.05.28"]
[Round "7"]
[White "Cayse"]
[Black "rasmussvane"]
[Result "1-0"]
[WhiteElo "2824"]
[BlackElo "2946"]
[TimeControl "180+1"]
[EndTime "9:18:37 PDT"]
[Termination "Cayse won by resignation"]

1. e4 c6 2. Nf3 d5 3. d3 dxe4 4. dxe4 Qxd1+ 5. Kxd1 Nf6 6. Nbd2 g6 7. a4 Bh6 8. Bd3 Bg4 9. h3 Bxf3+ 10. Nxf3 Bxc1 11.
Kxc1 a5 12. Kd2 Nbd7 13. Ke3 Nc5 14. Ne5 Nfd7 15. Nc4 Kd8 16. Be2 Kc7 17. Rhd1 Nb6 18. Nxa5 Ncxa4 19. b4 Nc3 20. Rd3 Nxe2 21. Kxe2 Rhd8 22.
Raa3 Nd7 23. f4 e5 24. g3 Nf6 25. Kf3 Re8 26. fxe5 Rxe5 27. Nxc6 Ree8 28. Rxa8 Rxa8 29. Ne5 Re8 30. Rc3+ Kb6 31. Rc5 Re7 32. Nc4+ Ka7 33. e5 Nd7 34. Rd5 Kb8 35. Kf4 Kc7 36. b5 b6 37. Nd6 Nxe5 38. Rxe5 Kxd6 39. Rxe7 Kxe7 40. Ke5 f6+ 41. Kd5 Kd7 42. c4 h6 43. c5 bxc5 44. Kxc5 f5 45. Kd5 g5 46. Ke5 f4 47. gxf4 gxf4 48. Kxf4 Kc7 49. Kf5 Kb6 50. Kg6 Kxb5 51. Kxh6 Kc6 52. h4 Kd7 53. Kg7 Ke8 54. h5 1-0

[Event "Early-Titled-Tuesday-Blitz-May-28-2024"]
[Site "Chess.com"]
[Date "2024.05.28"]
[Round "7"]
[White "Kotofeyca"]
[Black "Irina_Mikhaylova"]
[Result "1-0"]
[WhiteElo "2521"]
[BlackElo "2341"]
[TimeControl "180+1"]
[EndTime "9:18:37 PDT"]
[Termination "Kotofeyca won by resignation"]

1. d4 Nf6 2. c4 g6 3. f3 d6 4. e4 Bg7 5. Be3 O-O 6. Nc3 c5 7.
dxc5 dxc5 8. Qxd8 Rxd8 9. Bxc5 Nc6 10. Nd5 Nd7 11. Nxe7+ Nxe7 12. Bxe7 Re8 13. Ba3 b6 14.
O-O-O Nc5 15. Ne2 Be6 16. Nd4 Rec8 17. Nxe6 Nxe6 18. Kb1 Rc6 19. b3 a5 20. Bb2 Bf8 21. Be2 a4 22. h4 h5 23. g3 Rc7 24.
Rd5 axb3 25. axb3 Nc5 26. Bd1 Na6 27. Bc2 Nb4 28. Rb5 Bc5 29. Rd1 Nc6 30. Bc3 Na7 31. Rxc5 bxc5 32. e5 Nc6 33. Kb2 Nb4 34. Bxb4 cxb4 35.
Be4 Re8 36. f4 Kg7 37. Rd6 Rb8 38. Bd5 Ra7 39. c5 Ra5 40. c6 Rc5 41. Rd7 Rf8 42. e6 Kf6 43. exf7 Kf5 44. c7 Kg4 45. Rd8 Rxf7 46. Bxf7 Rxc7 47. Bxg6 Kxg3 48. Bxh5 Kxh4 49. Bg6 Kg4 50. f5 Kg5 51. Rd4 1-0

[Event "Early-Titled-Tuesday-Blitz-May-28-2024"]
[Site "Chess.com"]
[Date "2024.05.28"]
[Round "7"]
[White "AlexPapasimakopoulos"]
[Black "Iball95"]
[Result "0-1"]
[WhiteElo "2623"]
[BlackElo "2842"]
[TimeControl "180+1"]
[EndTime "9:18:38 PDT"]
[Termination "Iball95 won by resignation"]

1. d4 d5 2. c4 e6 3. Nc3 c5 4. cxd5 cxd4 5. Qa4+ Bd7 6. Qxd4 exd5 7. Nf3 Nf6 8. Bg5 Be7 9. e3 Nc6 10. Qd1 h6 11.
Bh4 O-O 12. Be2 Be6 13. O-O Qb6 14. a3 Rfd8 15. b4 Rd7 16. Nb5 g5 17. Bg3 Ne4 18. Nbd4 Nxd4 19. Nxd4 Bf6 20. Rc1 a5 21. Bb5 Re7 22.
bxa5 Rxa5 23. a4 Ra8 24. Rc2 Nxg3 25. hxg3 Rc7 26. Rxc7 Qxc7 27. Qd3 Kg7 28. Nf5+ Bxf5 29. Qxf5 Qe5 30. Qd7 b6 31. Rc1 Rd8 32. Qb7 d4 33. Qxb6 dxe3 34. Qxe3 Qxe3 35. fxe3 Be5 36. a5 Bxg3 37.
a6 Bb8 38. Kf2 Rd5 39. Rb1 Rf5+ 40. Ke2 Ba7 41. Bc4 Re5 42. Rb3 Kg6 43. Kf3 f5 44.
g3 g4+ 45. Kf2 Kg5 46. Bb5 h5 47. Be2 Kg6 48. Rc3 Kg5 49. Rb3 h4 50. gxh4+ Kxh4 51. Rb7 Bxe3+ 52. Kf1 f4 53. Rh7+ Kg3 54. Bc4 f3 55.
Ke1 Rc5 0-1

[Event "Early-Titled-Tuesday-Blitz-May-28-2024"]
[Site "Chess.com"]
[Date "2024.05.28"]
[Round "7"]
[White "GianmarcoVaR"]
[Black "MaiqMaster"]
[Result "1-0"]
[WhiteElo "2727"]
[BlackElo "2472"]
[TimeControl "180+1"]
[EndTime "9:18:38 PDT"]
[Termination "GianmarcoVaR won on time"]

1. e4 c5 2. Nf3 e6 3. d4 cxd4 4. Nxd4 Nc6 5. a3 Nf6 6. Nc3 d5 7.
exd5 Nxd5 8. Nxc6 bxc6 9. Qf3 Be7 10. Bd2 O-O 11. O-O-O Bf6 12. Ne4 Rb8 13. Nxf6+ Qxf6 14. Qxf6 Nxf6 15. Be2 Nd5 16. c4 Nb6 17. Kc2 e5 18. Be3 Be6 19. b3 f6 20. Rd6 Bf5+ 21. Kc3 Rfc8 22. g4 Bg6 23. Bc5 Rb7 24. Rhd1 h6 25.
h4 Rbc7 26. a4 Be8 27. Bd3 Nd7 28. Be3 Rb7 29. Bf5 Rcb8 30. Bxd7 Rxb3+ 31. Kd2 Bxd7 32. Rxd7 R8b4 33. Rc1 Rxa4 34. Rc7 Rb2+ 35. Ke1 Ra6 36. Kf1 Rba2 37. Kg2 R2a4 38. Kg3 Kh7 39. h5 Kg8 40.
Rd1 Kh7 41. Rdd7 Rxc4 42. Rxg7+ Kh8 43. Rgd7 1-0

[Event "Early-Titled-Tuesday-Blitz-May-28-2024"]
[Site "Chess.com"]
[Date "2024.05.28"]
[Round "7"]
[White "MNyuyu"]
[Black "Blitz_Lover1"]
[Result "0-1"]
[WhiteElo "2326"]
[BlackElo "2549"]
[TimeControl "180+1"]
[EndTime "9:18:39 PDT"]
[Termination "Blitz_Lover1 won by resignation"]

1. d4 e5 2. dxe5 d6 3. Nf3 Nc6 4. Bf4 Bg4 5. exd6 Qf6 6. d7+ Bxd7 7. e3 Qxb2 8. Nbd2 Bb4 9. Bd3 Nge7 10. O-O O-O 11. Rb1 Qf6 12. Ne4 Qg6 13. Nc5 Bf5 14.
Nh4 Qf6 15. Nxf5 Bxc5 16. Nxe7+ Qxe7 17. Rxb7 Bd6 18. Bxd6 Qxd6 19. Be4 Qe6 20. Qd5 Nd8 21. Rxc7 Rb8 22. Qxe6 Nxe6 23. Rxa7 Rb2 24. a4 g6 25.
Ra1 Nc5 26. Bd3 Rd8 27. Bc4 Rxc2 28. Bxf7+ Kh8 29. Rc7 Rdd2 30. Rf1 g5 31. h3 Rd8 32. a5 Ra8 33. Bd5 Rxa5 34. Be4 Rc3 35. Bxh7 Na4 36.
Rxc3 Nxc3 37. Re1 Kxh7 38. g3 Ra2 39. Kg2 Ne4 40. Rf1 Nc5 41. Kf3 Kg6 42. Rc1 Nd3 43. Rc6+ Kg7 44. Kg4 Ne5+ 0-1

[Event "Early-Titled-Tuesday-Blitz-May-28-2024"]
[Site "Chess.com"]
[Date "2024.05.28"]
[Round "7"]
[White "lefonghua"]
[Black "GambitGiesbergen"]
[Result "1-0"]
[WhiteElo "2556"]
[BlackElo "2350"]
[TimeControl "180+1"]
[EndTime "9:18:39 PDT"]
[Termination "lefonghua won by resignation"]

1. d4 Nf6 2. c4 e5 3. dxe5 Ng4 4. Bf4 g5 5. Bg3 Nc6 6. Nf3 Bg7 7. Nc3 Ngxe5 8. Nxe5 Nxe5 9. e3 h5 10. h4 g4 11. Qc2 d6 12. O-O-O Be6 13. Nd5 Qd7 14.
Be2 O-O-O 15. Kb1 Kb8 16. Ka1 Bf5 17. e4 Be6 18. f4 gxf3 19. gxf3 Nc6 20. Bf2 f5 21.
Qa4 fxe4 22. fxe4 Rhf8 23. Be3 Be5 24. Bxh5 Qg7 25. Rd2 Bg4 26. Bxg4 Qxg4 27. c5 Rf3 28. cxd6 cxd6 29. Rc1 Rd7 30. Rdc2 Qg7 31. Qb3 Ka8 32.
Qa4 Rf8 33. Nb6+ Kb8 34. Nxd7+ Qxd7 35. Bxa7+ Kc8 36. Bb6 Kb8 37. Kb1 Rc8 38. h5 Bh8 39. h6 Qf7 40. Qb3 Qd7 41. Qd5 Qe7 42. Qf5 Qe8 43. h7 Qe7 44. Qd5 Qg7 45. Qxd6+ Ka8 46. Qa3+ Kb8 47. Bc5 Ne5 48. Bd6+ 1-0

[Event "Early-Titled-Tuesday-Blitz-May-28-2024"]
[Site "Chess.com"]
[Date "2024.05.28"]
[Round "7"]
[White "jcibarra"]
[Black "Aswathchess"]
[Result "1-0"]
[WhiteElo "2921"]
[BlackElo "2730"]
[TimeControl "180+1"]
[EndTime "9:18:41 PDT"]
[Termination "jcibarra won by resignation"]

1. e4 c5 2. Nf3 e6 3. b3 Nc6 4. Bb5 Nge7 5. Bb2 a6 6. Bxc6 Nxc6 7. d4 cxd4 8. Nxd4 Be7 9. Nxc6 bxc6 10. Qg4 Qa5+ 11.
Bc3 Qg5 12. Qxg5 Bxg5 13. Bxg7 Rg8 14. Bc3 d5 15. e5 c5 16. O-O Bb7 17. Bd2 d4 18. f3 Bd8 19. Na3 Bd5 20. Nc4 Bxc4 21. bxc4 Bc7 22. f4 Kd7 23. Rab1 Rab8 24. Rb3 a5 25.
Rfb1 a4 26. Rxb8 Rxb8 27. Rxb8 Bxb8 28. Kf2 Ke7 29. Ba5 Ba7 30. Kf3 Kf8 31. Bc7 Kg7 32. g4 Kg6 33. Ke4 h5 34. h3 Kh6 35. f5 hxg4 36.
hxg4 Kg5 37. fxe6 fxe6 38. Kf3 Kg6 39. Kf4 Kh6 40. g5+ Kh5 41. a3 Kg6 42. Kg4 Kh7 43.
Kh5 Kg7 44. g6 Kg8 45. Kh6 Kh8 46. g7+ Kg8 47. Kg6 Bb6 48. Bd6 Bc7 49. Kf6 Ba5 50. Bxc5 Bc3 51. Kxe6 Kxg7 52. Kd5 Kf7 53. Bxd4 1-0

[Event "Early-Titled-Tuesday-Blitz-May-28-2024"]
[Site "Chess.com"]
[Date "2024.05.28"]
[Round "7"]
[White "Sippp"]
[Black "Yan_Dyomin2010"]
[Result "1-0"]
[WhiteElo "2791"]
[BlackElo "2598"]
[TimeControl "180+1"]
[EndTime "9:18:41 PDT"]
[Termination "Sippp won on time"]

1. e4 c5 2. Nf3 Nc6 3. d4 cxd4 4. Nxd4 Nf6 5. Nc3 e5 6. Ndb5 d6 7. Nd5 Nxd5 8. exd5 Nb8 9. Qf3 Be7 10. Qc3 Na6 11.
Be3 O-O 12. Nxa7 Nc5 13. Nb5 Bf5 14. Bxc5 Rc8 15. Qf3 Rxc5 16. Qxf5 Qa5+ 17. c3 Rxb5 18. Bxb5 Qxb5 19. Qc2 Qxd5 20. O-O Kh8 21. Rfd1 Qc6 22. Qb3 f5 23. Qe6 Qc7 24. a4 Rf6 25. Qd5 f4 26. a5 f3 27. g3 Qc8 28. Rd3 Qg4 29. Re1 Rf4 30. Qxb7 Bf8 31. h3 Qf5 32. Rde3 e4 33. Kh2 d5 34. Qb5 h5 35. a6 h4 36. a7 hxg3+ 37.
fxg3 f2 38. Rf1 Rh4 39. gxh4 Bd6+ 40. Kg2 Qf4 41. Qe8+ Kh7 42. Qh5+ 1-0

[Event "Early-Titled-Tuesday-Blitz-May-28-2024"]
[Site "Chess.com"]
[Date "2024.05.28"]
[Round "7"]
[White "kachsona"]
[Black "Engima32"]
[Result "1-0"]
[WhiteElo "2632"]
[BlackElo "2497"]
[TimeControl "180+1"]
[EndTime "9:18:41 PDT"]
[Termination "kachsona won by resignation"]

1. e4 c5 2. Nf3 d6 3. d4 cxd4 4.
Qxd4 Nf6 5. Nc3 Nc6 6. Bb5 Bd7 7. Bxc6 Bxc6 8. Bg5 e6 9. O-O-O Be7 10. Rhe1 O-O 11. e5 dxe5 12. Qh4 Qc7 13. Nxe5 Nd5 14. Bxe7 Qxe7 15. Qxe7 Nxe7 16. Nxc6 Nxc6 17. Rd7 Rab8 18. Nb5 Rfd8 19. Red1 a6 20. Nc3 Kf8 21. Ne4 Ke8 22. Rxd8+ Rxd8 23. Nd6+ Ke7 24. Nxb7 Rb8 25. Nc5 a5 26. Rd7+ Kf6 27. Ne4+ Ke5 28. Ng5 f6 29. Nf3+ Kf5 30. Rxg7 h5 31. Rc7 Nb4 32. Rc5+ Ke4 33. a3 Nd5 34. Rxa5 Rg8 35. Ra4+ Kf5 36. g3 e5 37. Nh4+ Ke6 38. Ra6+ Kd7 39. Nf5 Rg5 40. Rd6+ Kc7 41. Rxd5 Rxf5 42. f4 Kc6 43. c4 h4 44.
b4 hxg3 45. hxg3 Rh5 46. b5+ Kb6 47. fxe5 fxe5 48. Kc2 Rh3 49. Rxe5 Rxg3 50. Kb2 Rd3 51. Re6+ Kb7 52. a4 Rf3 53. a5 Ka7 54. Re7+ Kb8 55.
a6 Re3 56. Rxe3 1-0

[Event "Early-Titled-Tuesday-Blitz-May-28-2024"]
[Site "Chess.com"]
[Date "2024.05.28"]
[Round "7"]
[White "RantomOpening"]
[Black "mortngabriel"]
[Result "0-1"]
[WhiteElo "2559"]
[BlackElo "2478"]
[TimeControl "180+1"]
[EndTime "9:18:45 PDT"]
[Termination "mortngabriel won by resignation"]

1. e4 c5 2. Nf3 Nc6 3. d4 cxd4 4.
Nxd4 g6 5. Nc3 Bg7 6. Be3 Nf6 7. Qd2 O-O 8. f3 d5 9. Nxc6 bxc6 10. O-O-O Qa5 11.
Kb1 dxe4 12. Nxe4 Qc7 13. Bf4 Qb6 14. Be3 Qc7 15. Nxf6+ Bxf6 16. Bd4 Rd8 17. Bd3 Rxd4 18. Rhe1 Bf5 19. Qe2 Bxd3 20. Rxd3 Rxd3 21. Qxd3 Rb8 22. b3 Qxh2 23. Qa6 Qg3 24. Re2 Qd6 25. Qd3 Qa3 26. c3 a5 27. Qc2 Qc5 28. Kb2 a4 29. Rd2 a3+ 30. Kb1 Bxc3 31. Rd3 Bb4 32. Qxc5 Bxc5 33.
Rc3 Rb5 34. Kc2 e5 35. Kd3 Kf8 36. Rc4 Ke7 37. Rh4 h5 38. Ra4 Rb4 39. Ra5 Rd4+ 40. Kc2 Bb4 41. Rxe5+ Kf6 42. Re8 Rd2+ 43. Kc1 Rxa2 44.
Re4 Rxg2 45. Rf4+ Kg5 46. Rxb4 a2 47. Ra4 Rg1+ 48. Kd2 a1=Q 49. f4+ Kf5 50. Rc4 Qb2+ 51. Rc2 Qxb3 52. Rc5+ Kxf4 53. Rc4+ Ke5 54. Rc5+ Kd4 55. Rc4+ Kxc4 56. Ke2 Rg2+ 57. Ke1 Rc2 0-1

[Event "Early-Titled-Tuesday-Blitz-May-28-2024"]
[Site "Chess.com"]
[Date "2024.05.28"]
[Round "7"]
[White "amanjazu"]
[Black "Dexter_Dyke"]
[Result "1-0"]
[WhiteElo "2571"]
[BlackElo "2450"]
[TimeControl "180+1"]
[EndTime "9:18:46 PDT"]
[Termination "amanjazu won on time"]

1. e4 e6 2. d4 a6 3. c4 d5 4. cxd5 exd5 5. exd5 Nf6 6. Nc3 Nxd5 7. Nf3 Bb4 8. Bd2 O-O 9. Be2 Bg4 10. O-O Nc6 11. h3 Bh5 12. Be3 Re8 13. Nxd5 Qxd5 14. b3 Rad8 15.
Qc2 Bg6 16. Qc4 Qd6 17. Rfd1 b5 18. Qc1 Ba3 19. Qd2 Nb4 20. Ne5 Bc2 21. Rf1 f6 22.
Bc4+ bxc4 23. Nxc4 Qe7 24. Nxa3 Bg6 25. Nc4 c5 26.
Rad1 Bc2 27. Rc1 Bg6 28. Rfe1 Nd3 29. dxc5 Nxe1 30. Qxe1 Bd3 31. Nd6 Rf8 32. Qc3 Bb5 33. a4 Bc6 34. Qc4+ Kh8 35. Qxa6 Bd5 36. b4 Ra8 37.
Qd3 Be6 38. a5 Rfb8 39. Bd2 Qd7 40. c6 Qc7 41. b5 Bg8 42. b6 Qe7 43. c7 Rf8 44.
Re1 Qd7 45. Rc1 Rfc8 46. b7 Rxc7 47. Rxc7 1-0

[Event "Early-Titled-Tuesday-Blitz-May-28-2024"]
[Site "Chess.com"]
[Date "2024.05.28"]
[Round "7"]
[White "JaloliddinIlkhomi"]
[Black "Muracle"]
[Result "1-0"]
[WhiteElo "2792"]
[BlackElo "2583"]
[TimeControl "180+1"]
[EndTime "9:18:47 PDT"]
[Termination "JaloliddinIlkhomi won on time"]

1. Nf3 Nf6 2. d4 d5 3. Bf4 g6 4. e3 Bg7 5. Nbd2 O-O 6. Bd3 c5 7. c3 Nc6 8. O-O Qb6 9. Rb1 Bf5 10. Bxf5 gxf5 11. Ne5 Qa6 12. a3 Rac8 13. Re1 e6 14. Qf3 Ne4 15. Nxe4 Nxe5 16. Bxe5 fxe4 17. Qg3 f6 18.
Bd6 Rfe8 19. dxc5 Rcd8 20. Rbd1 Qc6 21. c4 dxc4 22. Bf4 Rd3 23. Bh6 Qd7 24. Rc1 Re7 25.
h3 Kh8 26. Qb8+ Re8 27. Bxg7+ Kxg7 28. Qg3+ Kh8 29. Rxc4 Rg8 30. Qh4 f5 31. c6 bxc6 32.
Qf6+ Qg7 33. Qxg7+ Kxg7 34. Rxc6 Kf6 35. Rc2 a5 36. Kf1 a4 37. Rec1 Rb8 38. Ke2 Rdb3 39. Rb1 Rxa3 40. Rd1 Rab3 41. Rdd2 R8b5 42. g3 Ke5 43. Kf1 h5 44. h4 Rb8 45. Rc5+ Kf6 46. Rcc2 R8b5 47. Kg2 Ke5 48. Rc6 Rxb2 49. Rdd6 1-0

[Event "Early-Titled-Tuesday-Blitz-May-28-2024"]
[Site "Chess.com"]
[Date "2024.05.28"]
[Round "7"]
[White "Louis-Paulsen-Fan"]
[Black "Viacheslav92"]
[Result "1/2-1/2"]
[WhiteElo "2322"]
[BlackElo "2538"]
[TimeControl "180+1"]
[EndTime "9:18:47 PDT"]
[Termination "Game drawn by repetition"]

1. d4 Nf6 2. Nf3 e6 3. c4 d5 4. Nc3 Be7 5. Bg5 h6 6. Bh4 O-O 7. e3 Ne4 8. Bxe7 Qxe7 9. Rc1 Nxc3 10. Rxc3 c6 11. Bd3 dxc4 12. Bxc4 Nd7 13. O-O e5 14.
Re1 exd4 15. exd4 Qd6 16. Ne5 Nb6 17. Bb3 Be6 18. Bxe6 fxe6 19. Qg4 Rf5 20. h4 Qe7 21. Rg3 Qf6 22. Qe2 Re8 23. Rg6 Qxh4 24. Nf3 Qe7 25. Rxe6 Qxe6 26. Qxe6+ Rxe6 27. Rxe6 Nd5 28. Ne5 Rf6 29.
Re8+ Rf8 30. Re6 Rf4 31. Rd6 Rxd4 32. Rd7 Re4 33. Rd8+ Kh7 34. Nf3 b6 35. Rd7 Rc4 36.
Rxa7 Rc1+ 37. Kh2 Rc2 38. Kg3 Rxb2 39. Nh4 Nb4 40. Nf5 Rxa2 41. Rxg7+ Kh8 42. Rb7 Nd5 43. f3 Ra5 44. Kg4 Ra2 45. Kh5 Rxg2 46. Kxh6 Rh2+ 47. Kg6 Rg2+ 48. Kh6 Rh2+ 49. Kg6 Rg2+ 50. Kh6 1/2-1/2

[Event "Early-Titled-Tuesday-Blitz-May-28-2024"]
[Site "Chess.com"]
[Date "2024.05.28"]
[Round "7"]
[White "Durarbayli"]
[Black "BogdanDeac"]
[Result "0-1"]
[WhiteElo "2912"]
[BlackElo "3125"]
[TimeControl "180+1"]
[EndTime "9:18:48 PDT"]
[Termination "BogdanDeac won by resignation"]

1. e4 e5 2. Nf3 Nc6 3. d4 exd4 4. Nxd4 Qf6 5. Nf3 Bb4+ 6. c3 Bc5 7. Be2 h6 8. O-O Nge7 9. Qc2 d6 10. b4 Bb6 11. Nbd2 Ng6 12. Nc4 Be6 13. a4 Bxc4 14.
Bxc4 a5 15. Bb5 O-O 16. Bxc6 bxc6 17. Bd2 Rfe8 18. bxa5 Bxa5 19. Nd4 Ne5 20. f4 Nc4 21. e5 dxe5 22. fxe5 Qxe5 23. Bf4 Qe4 24. Qc1 Ne3 25. Rf3 Nd5 26. Bxh6 Bxc3 27. Bxg7 Bxa1 28. Qxa1 Qe1+ 29. Qxe1 Rxe1+ 30. Kf2 Re4 31. Rg3 Kh7 32. Nxc6 Rf4+ 33. Ke2 Raxa4 34. Be5 Rae4+ 35. Kd3 Rg4 36. Rh3+ Kg6 37.
Rh8 f6 38. Rg8+ Kf7 39. Rxg4 Rxg4 40. Bg3 Ke6 41. Nd4+ Kf7 42. Nf5 Rg5 43. Ke4 Nc3+ 44. Kf4 Ne2+ 45. Ke4 Nxg3+ 46. hxg3 c5 47. Nd4 cxd4 48.
Kf4 d3 0-1

[Event "Early-Titled-Tuesday-Blitz-May-28-2024"]
[Site "Chess.com"]
[Date "2024.05.28"]
[Round "7"]
[White "ckgchess"]
[Black "RobertJFischer71"]
[Result "1-0"]
[WhiteElo "2887"]
[BlackElo "2649"]
[TimeControl "180+1"]
[EndTime "9:18:49 PDT"]
[Termination "ckgchess won by checkmate"]

1. e4 e5 2. Nf3 Nc6 3. Bc4 a6 4. d4 exd4 5. Nxd4 d6 6. O-O Nf6 7. Nc3 Be7 8. Nxc6 bxc6 9. h3 O-O 10. Qf3 Nd7 11. Bb3 Ne5 12. Qg3 Bh4 13. Qe3 Bf6 14. Bd2 h6 15. Rad1 Be6 16. Bxe6 fxe6 17. Qe2 c5 18. f4 Nc6 19. e5 dxe5 20. fxe5 Qd4+ 21. Kh1 Qxe5 22. Qc4 Nd4 23. Rde1 Qh5 24. Ne4 Qd5 25.
Qxd5 exd5 26. Nxf6+ Rxf6 27. Rxf6 gxf6 28. Re7 c6 29. c3 Nf5 30. Re6 Ng3+ 31. Kg1 Ne4 32. Bxh6 Kh7 33. Bf4 Rc8 34. g4 a5 35. Kg2 a4 36. h4 a3 37. bxa3 Nxc3 38. Rxf6 d4 39. h5 d3 40. g5 Nd5 41. g6+ Kg7 42. Rf7+ Kg8 43. Bd2 Re8 44. h6 Re2+ 45. Kf3 Ne7 46. h7+ Kh8 47. Rf8+ Kg7 48. h8=Q+ Kxg6 49. Rf6# 1-0

[Event "Early-Titled-Tuesday-Blitz-May-28-2024"]
[Site "Chess.com"]
[Date "2024.05.28"]
[Round "7"]
[White "crazy_but_lazy"]
[Black "GMMikhailKazakov"]
[Result "1-0"]
[WhiteElo "2667"]
[BlackElo "2510"]
[TimeControl "180+1"]
[EndTime "9:18:49 PDT"]
[Termination "crazy_but_lazy won on time"]

1. d4 Nf6 2. Nf3 e6 3. Bf4 b6 4. e3 Bb7 5. Be2 d5 6. O-O Bd6 7. Bxd6 cxd6 8. Nbd2 O-O 9. a4 a5 10. c3 Re8 11. Bb5 Nbd7 12. c4 Qe7 13. Rc1 Rec8 14.
Qe2 h6 15. Rc2 dxc4 16. Nxc4 Nd5 17. e4 Nb4 18. Rc3 d5 19. Bxd7 Rxc4 20. Rxc4 dxc4 21.
Bb5 Rc8 22. Bxc4 Bxe4 23. Qxe4 Rxc4 24. Qa8+ Qf8 25. Qb7 Qd6 26. Ne5 Rc7 27. Qb8+ Kh7 28. Nxf7 Qe7 29. Qh8+ Kg6 30. Ne5+ Kf6 31. h4 Nd5 32.
Qh7 Qe8 33. Qe4 Ke7 34. Re1 Kf8 35. Qh7 Ke7 36. Qxg7+ Kd6 37. Qxh6 Qg8 38. Qg5 Rg7 39. Nc4+ Kd7 40. Qe5 Rxg2+ 41. Kf1 Rg1+ 42. Ke2 Qg4+ 43. Kd2 Rxe1 44. Kxe1 Qxh4 45. Qd6+ 1-0

[Event "Early-Titled-Tuesday-Blitz-May-28-2024"]
[Site "Chess.com"]
[Date "2024.05.28"]
[Round "7"]
[White "Darius321"]
[Black "Slovineanu"]
[Result "0-1"]
[WhiteElo "2361"]
[BlackElo "2540"]
[TimeControl "180+1"]
[EndTime "9:18:50 PDT"]
[Termination "Slovineanu won by resignation"]

1. e4 c6 2. d4 d5 3. exd5 cxd5 4. c4 Nf6 5. Nc3 e6 6. cxd5 Nxd5 7. Nf3 Bb4 8. Bd2 O-O 9. Bd3 b6 10. O-O Bb7 11. Ne5 Nd7 12. Qh5 g6 13. Qh6 Nxe5 14. dxe5 Nxc3 15. Bg5 Qd5 16. f3 Rfc8 17. bxc3 Bf8 18.
Be4 Qxe5 19. Qh4 Bxe4 20. fxe4 Rxc3 21. Rae1 Bg7 22. Bf4 Qc5+ 23. Kh1 Rc8 24. e5 Rc2 25. Bg3 Qd5 26. Qh3 Rxa2 27. Rf3 Rcc2 28. Ref1 Rxg2 29. Qxg2 Rxg2 30. Kxg2 g5 31. Kh3 Qd7 32. Rc1 h5 33. Rfc3 g4+ 34. Kh4 Kh7 35. Kxh5 Qd5 36. Kxg4 Bxe5 37.
Bxe5 Qxe5 38. R1c2 Kg6 39. h4 f5+ 40. Kh3 Qe4 41.
Rg3+ Kf6 42. Rcg2 f4 43. Rg6+ Qxg6 44. Rxg6+ Kxg6 45. Kg4 e5 46. h5+ Kh6 47. Kf5 a5 48. Kxe5 f3 0-1

[Event "Early-Titled-Tuesday-Blitz-May-28-2024"]
[Site "Chess.com"]
[Date "2024.05.28"]
[Round "7"]
[White "secrethawk1"]
[Black "MiguelBestard1981"]
[Result "0-1"]
[WhiteElo "2404"]
[BlackElo "2286"]
[TimeControl "180+1"]
[EndTime "9:18:50 PDT"]
[Termination "MiguelBestard1981 won on time"]

1. Nf3 d5 2. e3 Bf5 3. c4 e6 4. Nc3 c6 5. d4 Nd7 6. Bd3 Bxd3 7. Qxd3 f5 8. c5 Ngf6 9. b4 Ne4 10. a4 a6 11. O-O g5 12. Ne5 Bg7 13. Bb2 Nxc3 14. Bxc3 Bxe5 15. dxe5 O-O 16. f3 a5 17. e4 axb4 18.
Bxb4 fxe4 19. fxe4 Nxe5 20. Qh3 Qe7 21. exd5 exd5 22.
Rae1 Rxf1+ 23. Rxf1 Rf8 24. Re1 Qf7 25. Qg3 Ng6 26.
h3 Qf4 27. Qf3 Qxf3 28. gxf3 Rxf3 29. Re8+ Rf8 30. Re6 Nf4 31. Rd6 Nxh3+ 32. Kh2 Nf4 33. Rd7 Rf7 34. Rd6 Re7 35. Bc3 Re2+ 36. Kh1 g4 37.
Rd8+ Kf7 38. Rd7+ Kg6 39. Rxb7 h5 40. Rb1 g3 41. a5 g2+ 42. Kh2 Nh3 43. Kxh3 Re3+ 44.
Kxg2 Rxc3 45. Ra1 Re3 46. a6 Re8 47. a7 Ra8 48. Ra6 Kf5 49. Kf3 h4 50. Ke3 h3 51.
Kf3 h2 52. Kg2 Ke5 53. Kxh2 Kd4 54. Rxc6 Rxa7 55. Kg3 Kc3 56. Kf2 d4 57. Rd6 d3 58.
Ke1 Kc2 59. c6 Re7+ 60. Kf1 d2 61. c7 Rxc7 62. Ke2 Re7+ 63. Kf2 d1=Q 64. Rxd1 Kxd1 65. Kf3 Kd2 66. Kf4 Kd3 67. Kf5 Re4 68. Kf6 Kd4 69. Kf7 Kd5 70. Kf8 Re6 71. Kg8 Re7 0-1

[Event "Early-Titled-Tuesday-Blitz-May-28-2024"]
[Site "Chess.com"]
[Date "2024.05.28"]
[Round "7"]
[White "Shuvalov"]
[Black "chessdjw"]
[Result "0-1"]
[WhiteElo "2582"]
[BlackElo "2792"]
[TimeControl "180+1"]
[EndTime "9:18:51 PDT"]
[Termination "chessdjw won by resignation"]

1. d4 Nf6 2. c4 e6 3. Nf3 b6 4. g3 Bb7 5. Bg2 Bb4+ 6. Bd2 c5 7.
d5 exd5 8. Nh4 O-O 9. O-O d6 10. Bg5 h6 11. Bxf6 Qxf6 12. Qc2 Nd7 13. Nf5 Rfe8 14.
Ne3 Rxe3 15. fxe3 Qe5 16. Nc3 Qxe3+ 17. Kh1 Bxc3 18. Qxc3 Qxc3 19. bxc3 Re8 20. Rae1 Re3 21. Rf3 Re4 22. cxd5 Ra4 23. Ra1 Ne5 24. Rf4 Ra3 25. c4 Ba6 26. Rc1 Rxa2 27. Bf1 Kf8 28. h3 Ke7 29. Re4 f5 30. Rf4 Bc8 31. Kg1 g5 32. Rf2 Bd7 33. e4 Ra3 34. exf5 Rxg3+ 35. Kh2 Re3 36. f6+ Kf7 37. Be2 Rxh3+ 38. Kg2 h5 39. Rh1 Rxh1 40. Kxh1 Bg4 41. Bxg4 Nxg4 42. Ra2 Kxf6 43.
Rxa7 Ne5 44. Rh7 Nxc4 45. Rxh5 b5 46. Kg2 b4 47. Kf3 b3 48. Rh1 b2 49. Ke2 Na3 50. Rf1+ Ke5 51. Kd2 b1=Q 52. Rxb1 Nxb1+ 0-1

[Event "Early-Titled-Tuesday-Blitz-May-28-2024"]
[Site "Chess.com"]
[Date "2024.05.28"]
[Round "7"]
[White "Shushik"]
[Black "DvaHrasta"]
[Result "1/2-1/2"]
[WhiteElo "2558"]
[BlackElo "2440"]
[TimeControl "180+1"]
[EndTime "9:18:51 PDT"]
[Termination "Game drawn - insufficient material"]

1. e4 c6 2. d4 d5 3. e5 c5 4. Nf3 Nc6 5. dxc5 Bg4 6. Bb5 e6 7. b4 a5 8. c3 f6 9. Qe2 fxe5 10. Qxe5 Bxf3 11. Qxe6+ Qe7 12. Qxe7+ Bxe7 13. gxf3 axb4 14. Bb2 Bf6 15. Kd2 Ne7 16. Kc2 Kf7 17. cxb4 Nxb4+ 18.
Kb3 Bxb2 19. Kxb2 Rhc8 20. Rc1 Ra5 21. Be2 Raxc5 22. Rxc5 Rxc5 23. Na3 d4 24. Rd1 Nec6 25. Bd3 Rh5 26. Bc4+ Kf6 27. Rh1 Rh3 28. f4 Rf3 29.
Rf1 Rxf4 30. Nb5 Ne5 31. Be2 d3 32. Bd1 Nd5 33. Nd6 Ne3 34. Re1 Rxf2+ 35. Kc3 Nxd1+ 36.
Rxd1 Rxa2 37. Nxb7 Rc2+ 38. Kd4 Rxh2 39. Rf1+ Ke6 40.
Nc5+ Kd6 41. Ne4+ Kc6 42. Kxe5 d2 43. Rd1 h5 44. Nxd2 h4 45. Kf4 Rg2 46. Kf3 Rg3+ 47. Kf2 g5 48. Ne4 Rg4 49. Nc3 h3 50. Ne2 Rg2+ 51.
Kf3 g4+ 52. Ke3 h2 53. Rh1 g3 54. Nxg3 Rxg3+ 55. Kf2 Rh3 56. Kg2 Rh7 57. Rxh2 Rxh2+ 58.
Kxh2 1/2-1/2

[Event "Early-Titled-Tuesday-Blitz-May-28-2024"]
[Site "Chess.com"]
[Date "2024.05.28"]
[Round "7"]
[White "Mesa_1"]
[Black "ArchibaldCerveza29"]
[Result "1-0"]
[WhiteElo "2576"]
[BlackElo "2351"]
[TimeControl "180+1"]
[EndTime "9:18:51 PDT"]
[Termination "Mesa_1 won on time"]

1. e4 e5 2. Nf3 Nc6 3. Nc3 Nf6 4. Bb5 Nd4 5. O-O c6 6. Bc4 d5 7. exd5 Bg4 8. Be2 Bxf3 9. Bxf3 cxd5 10. Re1 Qd6 11.
d3 Be7 12. Bg5 O-O 13. Bxf6 Bxf6 14. Bxd5 Rac8 15. Bf3 Qa6 16. g3 b5 17. a3 Qe6 18.
Bg4 Qc6 19. Ne4 Be7 20. c3 Ne6 21. Nd2 f5 22. Bf3 Qd6 23. Qb3 Kh8 24. Qxb5 e4 25. Bg2 Rb8 26. Qa4 Qxd3 27. Rad1 Qb5 28. Qxb5 Rxb5 29.
b4 a5 30. a4 Rbb8 31. b5 Nc5 32. Ra1 Bf6 33. Rec1 Rfd8 34. Nc4 Nb3 35. Bf1 Nxa1 36. Rxa1 Bxc3 37. Rc1 Bb4 38. Ne5 Kg8 39. Rc7 Rd1 40. Kg2 Rxf1 41. Kxf1 Bd6 42. Ra7 Bxe5 43. Rxa5 Kf7 44. b6 Ke6 45. Rb5 g5 46. a5 f4 47.
a6 Rc8 48. gxf4 gxf4 49. Kg2 f3+ 50. Kh3 Kf5 51. a7 Rc6 52. Rxe5+ Kf4 53. Rxe4+ Kxe4 54.
a8=Q 1-0